 Dungeon Crawl Stone Soup version 0.29.1-15-g9cfb28693d (webtiles) character file.

Game seed: 9683659819426458262

6078 hawla the Arsonist (level 11, -5/82 HPs)
             Began as a Meteoran Fire Elementalist on Apr 25, 2023.
             Was an Initiate of Vehumet.
             Slain by a komodo dragon (20 damage)
             ... on level 1 of the Lair of Beasts.
             The game lasted 00:19:34 (5152 turns).

hawla the Arsonist (Meteoran Fire Elementalist)     Turns: 5152, Time: 00:19:34

Health: -5/82      AC:  7    Str: 16    XL:     11   Next: 33%
Magic:  33/36      EV: 14    Int: 20    God:    Vehumet [......]
Gold:   490        SH:  0    Dex: 16    Spells: 22/33 levels left

rFire   . . .      SeeInvis .   C - +0 demon whip (venom)
rCold   . . .      Faith    .   (no shield)
rNeg    . . .      Spirit   .   v - +0 steam dragon scales
rPois   .          Reflect  .   o - +0 helmet
rElec   .          Harm     .   t - +0 cloak
rCorr   .          Rampage  .   (no gloves)
Will    +....                   (no boots)
Stlth   +.........              (no amulet)
HPRegen 0.23/turn               l - ring of magical power
MPRegen 0.25/turn               j - +6 ring of strength

@: glowing, studying Fire Magic
A: sense surroundings 2, otherworldly, glowing, explore regen
a: Renounce Religion


You were on level 1 of the Lair of Beasts.
You worshipped Vehumet.
Vehumet was noncommittal.
You visited 3 branches of the dungeon, and saw 11 of its levels.

You collected 490 gold pieces.

Inventory:

Hand Weapons
 k - a +4 quarterstaff of chaos
 n - the +2 mace "Killer Bee's Doom" {vorpal, rC++ rN+}
   (You found it on level 2 of the Dungeon)

   It inflicts extra damage upon your enemies.
   rC:        It greatly protects you from cold.
   rN:        It protects you from negative energy.
 z - the +8 frozen axe "Frostbite" {freezing cloud, *Noise Fly rC+}
   (You found it on level 7 of the Dungeon)

   It freezes those it strikes, dealing additional cold damage.
   It can also slow down cold-blooded creatures.
   It occasionally leaves clouds of freezing vapour upon striking a foe.
   It grants immunity to clouds of freezing vapour.
   rC:        It protects you from cold.
   Fly:       It grants you flight.
   *Noise:    It may make noises in combat.
 C - a +0 demon whip of venom (weapon)
Armour
 o - a +0 helmet (worn)
 t - a +0 cloak (worn)
 v - +0 steam dragon scales (worn)
Magical Staves
 G - a staff of cold
Jewellery
 d - a ring of flight
 j - a +6 ring of strength (right hand)
 l - a ring of magical power (left hand)
Wands
 c - a wand of polymorph (10)
 e - a wand of flame (29) (quivered)
 h - a wand of roots (15)
 m - a wand of light (10)
 y - a wand of digging (4)
 E - a wand of paralysis (6)
Scrolls
 u - 2 scrolls of identify
 w - a scroll of teleportation
 x - a scroll of poison {unknown}
 D - a scroll of silence
 F - a scroll of magic mapping
 H - a scroll of enchant weapon {unknown}
Potions
 a - a potion of lignification
 b - a potion of magic
 f - a potion of haste
 g - a potion of attraction
 i - 3 potions of brilliance {unknown}
 p - a potion of might
 q - a potion of flight {unknown}
 r - 5 potions of curing
 s - a potion of invisibility {unknown}
 A - a potion of mutation {unknown}
 B - a potion of heal wounds {unknown}
 I - a potion of degeneration {unknown}


   Skills:
 - Level 3.0 Fighting
 - Level 2.9(3.6) Axes
 - Level 3.6(4.2) Maces & Flails
 - Level 4.8 Dodging
 - Level 1.4 Stealth
 - Level 11.5 Spellcasting
 - Level 7.8 Conjurations
 - Level 14.3 Fire Magic
 + Level 1.6 Ice Magic
 - Level 3.0 Evocations


You had 22 spell levels left.
You knew the following spells:

 Your Spells              Type           Power      Damage    Failure   Level
a - Foxfire               Conj/Fire      100%       2x1d9     1%          1
b - Scorch                Fire           100%       2d10      1%          2
c - Flame Wave            Conj/Fire      54%        2d13      1%          4
d - Sticky Flame          Conj/Fire      54%        2d7       1%          4

Your spell library contained the following spells:

 Spells                   Type           Power      Damage    Failure   Level
 Magic Dart               Conj           100%       1d8       1%          1
 Conjure Flame            Conj/Fire      54%        6-21      1%          3
 Inner Flame              Hex/Fire       40%        N/A       1%          3
 Ignite Poison            Fire/Tmut/Pois 30%        N/A       2%          3
 Summon Small Mammal      Summ           44%        N/A       6%          1
 Mephitic Cloud           Conj/Pois/Air  22%        N/A       6%          3
 Call Imp                 Summ           11%        N/A       9%          2
 Call Canine Familiar     Summ           11%        N/A       19%         3
 Gell's Gravitas          Tloc           11%        N/A       19%         3
 Lesser Beckoning         Tloc           11%        N/A       19%         3
 Summon Guardian Golem    Hex/Summ       11%        N/A       19%         3
 Teleport Other           Tloc           11%        N/A       19%         3
 Irradiate                Conj/Tmut      13%        3d16      32%         5
 Blade Hands              Tmut           5%         N/A       86%         5
 Dragon Form              Tmut           5%         N/A       100%        7


Dungeon Overview and Level Annotations

Branches:
Dungeon (9/15) Zot: 557    Temple (1/1) D:7 Zot: 384    Lair (1/5) D:9 Zot: 469
    Orc: D:9-12

Altars:
Ashenzari
Cheibriados
Dithmenos
Elyvilon
Fedhas
Hepliaklqana
Kikubaaqudgha
Makhleb
Nemelex Xobeh
Okawaru
Qazlal
Ru
Sif Muna
Trog
Uskayaw
Vehumet
Wu Jian
Xom
Yredelemnul
Zin
The Shining One


Innate Abilities, Weirdness & Mutations

You passively map the area around you.
You are easily found by Zot.
You glow in the dark.
You regain HP and MP as you explore.


Message History

You completely miss the bullfrog.
The bullfrog hits you but does no damage.
You closely miss the bullfrog. The bullfrog closely misses you.
The bullfrog misses you.
You barely miss the bullfrog. The bullfrog hits you.
You whack the bullfrog!
The bullfrog is poisoned.
The bullfrog is severely wounded.
The bullfrog hits you.
You hit the bullfrog.
The bullfrog looks as sick as possible!
The bullfrog is almost dead.
You kill the bullfrog!
Vehumet accepts your kill.
A komodo dragon comes into view.
The komodo dragon hisses angrily.
A komodo dragon is nearby!
A komodo dragon is nearby!
A komodo dragon is nearby!
The komodo dragon bites you!
You barely miss the komodo dragon. The komodo dragon bites you!
You hit the komodo dragon.
The komodo dragon is lightly wounded.
The komodo dragon closely misses you.
You hit the komodo dragon.
The komodo dragon is poisoned.
You punch the komodo dragon, but do no damage.
The komodo dragon is lightly wounded.
The komodo dragon barely misses you.
Casting: Scorch (safe; 1% risk of failure)
Confirm with . or Enter, or press ? or * to list all spells.
Flames lash the komodo dragon but do no damage.
The komodo dragon bites you!!
Unknown command.
Casting: Scorch (safe; 1% risk of failure)
Confirm with . or Enter, or press ? or * to list all spells.
Flames lash the komodo dragon but do no damage.
The komodo dragon bites you!!
* * * LOW HITPOINT WARNING * * *
Unknown command.
Okay, then.
You feel better. The komodo dragon bites you!!
You die...

*,, * * , * ** **
* ... , , * ** *,,
,.* #.. , * *
#.##..* * ,,* *
.....# , #....###*
,, , * ##..... **
, , *#....l# , * #
* * * * ..##@# #.
, *, #.P#.## #
#.##** , #.##..# #
#..## ***#.##.## #
#.#.#######.##.#
###..............#
##............####
..............#
#.####..##.#.##


You could see a komodo dragon (very poisoned).

Vanquished Creatures
  Amaemon (D:8)
  An orange demon (D:8)
  Maggie (D:8)
  An ice devil (D:7)
  The ghost of nroviw the Magician, a novice DEFE (D:4)
  4 yaks (D:9)
  2 wyverns
  Eustachio (D:5)
  A steam dragon (D:7)
  Menkaure (D:4)
  Duvessa (D:5)
  A sky beast (D:6)
  An orc warrior (D:9)
  A black bear (Lair:1)
  3 ice beasts
  2 ogres
  4 phantoms
  4 centaurs
  A gnoll sergeant (D:5)
  2 necrophages (D:6)
  7 bullfrogs
  A scorpion (D:5)
  Dowan (D:5)
  5 howler monkeys
  3 hounds
  3 jellies
  Crazy Yiuf (D:5)
  A gnoll bouda (D:4)
  4 orc priests
  8 iguanas
  5 orc wizards
  3 adders
  10 gnolls
  8 white imps (D:7)
  A worm (D:4)
  14 orcs
  2 ball pythons (D:2)
  4 endoplasms
  A giant cockroach (D:2)
  3 goblins
  4 hobgoblins
  A jackal (D:5)
  3 kobolds
  2 quokkas
  3 bats
  2 frilled lizards (D:1)
  3 rats
  4 butterflies (D:1)
141 creatures vanquished.

Vanquished Creatures (collateral kills)
  5 foxfires (D:1)
5 creatures vanquished.

Vanquished Creatures (others)
  243 foxfires
  24 plants
267 creatures vanquished.

Grand Total: 413 creatures vanquished

Notes
Turn   | Place    | Note
-------+----------+-------------------------------------------
     0 | D:1      | hawla the Meteoran Fire Elementalist began the quest for
                  | the Orb.
     0 | D:1      | Reached XP level 1. HP: 14/14 MP: 5/5
   131 | D:1      | Reached XP level 2. HP: 20/20 MP: 3/6
   138 | D:1      | Reached skill level 4 in Fire Magic
   169 | D:2      | Reached XP level 3. HP: 18/26 MP: 5/8
   376 | D:2      | Identified the +1 ring mail of the Big Bang {rC- Will+
                  | Str+6}
   538 | D:2      | Identified the +2 mace "Killer Bee's Doom" {vorpal, rC++
                  | rN+}
   680 | D:2      | Learned a level 2 spell: Scorch
   896 | D:4      | Noticed a phantom
   901 | D:4      | Killed a phantom
   902 | D:4      | Reached skill level 5 in Fire Magic
   902 | D:4      | Reached XP level 4. HP: 34/34 MP: 10/10
   902 | D:4      | Reached XP level 5. HP: 39/39 MP: 11/11
   946 | D:4      | Learned a level 4 spell: Flame Wave
   992 | D:4      | Reached XP level 6. HP: 18/46 MP: 12/12
  1098 | D:4      | Noticed Menkaure
  1103 | D:4      | Killed Menkaure
  1104 | D:4      | Reached skill level 5 in Conjurations
  1141 | D:4      | Noticed an ogre
  1145 | D:4      | Killed an ogre
  1146 | D:4      | Reached XP level 7. HP: 51/51 MP: 14/14
  1239 | D:4      | Noticed nroviw's ghost (novice DEFE)
  1296 | D:4      | Found a transporter.
  1297 | D:4      | Found a transporter.
  1309 | D:4      | Learned a level 4 spell: Sticky Flame
  1425 | D:4      | Killed nroviw's ghost
  1426 | D:4      | Reached skill level 1 in Fighting
  1426 | D:4      | Reached skill level 1 in Maces & Flails
  1426 | D:4      | Reached skill level 5 in Spellcasting
  1426 | D:4      | Reached skill level 6 in Fire Magic
  1426 | D:4      | Reached XP level 8. HP: 59/59 MP: 4/17
  1489 | D:5      | Entered Level 5 of the Dungeon
  1504 | D:5      | Noticed Eustachio
  1518 | D:5      | Killed Eustachio
  1531 | D:5      | Found a large runed translucent door.
  1531 | D:5      | Found a large runed translucent door.
  1681 | D:5      | Reached skill level 7 in Fire Magic
  1693 | D:5      | Gained mutation: You passively map the area around you.
                  | [Meteoran growth]
  1693 | D:5      | Reached XP level 9. HP: 64/64 MP: 17/20
  1769 | D:5      | Reached skill level 8 in Fire Magic
  1843 | D:5      | Noticed Dowan
  1846 | D:5      | Noticed Duvessa
  1849 | D:5      | Killed Dowan
  1855 | D:5      | Killed Duvessa
  1856 | D:5      | Reached skill level 9 in Fire Magic
  2156 | D:5      | Found a runed translucent door.
  2157 | D:5      | Noticed Crazy Yiuf
  2286 | D:5      | Found a shadowy altar of Dithmenos.
  2289 | D:5      | Found a blossoming altar of Fedhas.
  2378 | D:5      | Killed Crazy Yiuf
  2497 | D:6      | Reached skill level 10 in Fire Magic
  3202 | D:7      | Reached skill level 11 in Fire Magic
  3202 | D:7      | Reached XP level 10. HP: 25/73 MP: 23/23
  3269 | D:7      | Found a staircase to the Ecumenical Temple.
  3301 | D:7      | Noticed an ice devil
  3309 | D:7      | Killed an ice devil
  3310 | D:7      | Reached skill level 12 in Fire Magic
  3317 | D:7      | Found the +8 frozen axe "Frostbite" {freezing cloud, *Noise
                  | Fly rC+}
  3511 | Temple   | Entered the Ecumenical Temple
  3839 | D:7      | Reached skill level 10 in Spellcasting
  4239 | D:8      | Noticed Maggie
  4244 | D:8      | Killed Maggie
  4245 | D:8      | Reached skill level 13 in Fire Magic
  4279 | D:8      | Identified the +1 ring mail "Boatisuj" {rF+ Str+4}
  4542 | D:8      | Found a radiant altar of Vehumet.
  4545 | D:8      | Noticed Amaemon
  4547 | D:8      | Noticed an orange demon
  4555 | D:8      | Killed Amaemon
  4560 | D:8      | Killed an orange demon
  4561 | D:8      | Reached skill level 1 in Axes
  4561 | D:8      | Reached XP level 11. HP: 74/81 MP: 17/27
  4577 | D:8      | Found a glowing silver altar of Zin.
  4700 | D:8      | Became a worshipper of Vehumet
  4884 | D:8      | Glimpsed the power of Zot.
  4972 | D:9      | Reached skill level 14 in Fire Magic
  5005 | D:9      | Found a staircase to the Lair.
  5015 | D:9      | Identified the +7 plate armour "Parong" {Fly Str+6 Int-5
                  | Slay+5}
  5021 | Lair:1   | Entered Level 1 of the Lair of Beasts
  5037 | Lair:1   | Reached skill level 1 in Ice Magic
  5152 | Lair:1   | Slain by a komodo dragon

Illustrated notes

Levels and vault maps discovered:
D:1:      spicycebolla_arrival_clurvy, layout_loops_ring,
          shapermc_ecumenical_altar_mp_vishouse
D:2:      layout_basic, item_on_display_a
D:3:      layout_rooms
D:4:      layout_cave_pools, gammafunk_ghost_gnarly_gnolls, uniq_menkaure
D:5:      layout_basic, jmf_multi_god_temple2, chequers_serial_rivers_small_b,
          uniq_duvessa, uniq_eustachio, uniq_crazy_yiuf_cottage
D:6:      layout_cave_pods
D:7:      layout_gridville, temple_hall, hellmonk_guarded_unrand_frostbite
D:8:      layout_loops_corners, mainiacjoe_overflow_catwalk_spiral,
          nicolae_elevator_lobby_asterisk, uniq_amaemon, uniq_maggie
D:9:      layout_small_grid, dpeg_oklobed_lair, serial_bayou_lagoon_b
Temple:   nicolae_temple_bog_church
Lair:1:   layout_loops_ring, beast_lair_carwin_7

Skill      XL: |  1  2  3  4  5  6  7  8  9 10 11 |
---------------+----------------------------------+-----
Fire Magic     | 4 5 6 7 11 13 14 | 14.3
Spellcasting   | 3 4 5 6 8 11 | 11.5
Dodging        | 3 4 |  4.8
Conjurations   | 2 3 5 6 7 |  7.8
Fighting       | 1 2 3 |  3.0
Maces & Flails | 1 2 3 |  3.6
Evocations     | 3 |  3.0
Axes           | 1 2 |  2.9
Ice Magic      | 1 |  1.6
Stealth        | |  1.4

Action                   |  1- 3 |  4- 6 |  7- 9 | 10-12 || total
-------------------------+-------+-------+-------+-------++-------
Melee: Unarmed           |    24 |       |       |       ||    24
       Mace              |     1 |     5 |     9 |    20 ||    35
       Executioner's axe |       |       |       |    12 ||    12
       Demon whip        |       |       |       |    15 ||    15
       Punch             |       |       |       |     1 ||     1
 Cast: Foxfire           |    36 |    15 |    49 |    44 ||   144
       Scorch            |     2 |     6 |    38 |    35 ||    81
       Flame Wave        |       |     1 |    10 |     8 ||    19
  Use: Scroll            |     3 |       |     7 |     2 ||    12
       Potion            |       |       |     1 |     2 ||     3
Armor: Robe              |    12 |     1 |     8 |       ||    21
       Skin              |       |       |     2 |       ||     2
       Steam dragon scal |       |       |       |    41 ||    41
Dodge: Dodged            |    24 |     8 |    24 |    65 ||   121
